 Dungeon Crawl Stone Soup version 0.30.0-29-ga12c61a403 (webtiles) character file.

Game seed: 13712933823405681615

8 Sabo the Ducker (level 2, 24/24 HPs)
             Began as a Demonspawn Monk on June 19, 2023.
             Got out of the dungeon alive.
             The game lasted 00:01:14 (271 turns).

Sabo the Ducker (Demonspawn Monk)                    Turns: 271, Time: 00:01:15

Health: 24/24      AC:  2    Str: 11    XL:     2   Next: 0%
Magic:  2/2        EV: 13    Int: 11    God:
Gold:   19         SH:  0    Dex: 15    Spells: 1/1 levels left

rFire   . . .        f - +4 dagger
rCold   . . .        d - orb {light}
rNeg    . . .        b - +0 robe
rPois   .            (no helmet)
rElec   .            (no cloak)
rCorr   .            (no gloves)
SInv    .            (no boots)
Will    .....        (no amulet)
Stlth   +            (no ring)
HPRegen 0.24/turn    (no ring)
MPRegen 0.08/turn

%: no passive effects
@: glowing
A: demonic magic 1
a: no special abilities


You escaped.
You visited 1 branch of the dungeon, and saw 1 of its levels.

You collected 19 gold pieces.

Inventory:

Hand Weapons
 a - a +0 hand axe
 f - a +4 dagger (weapon)
Missiles
 h - 4 boomerangs of dispersal (quivered)
Armour
 b - a +0 robe (worn)
 d - an orb of light (worn)
Scrolls
 e - a scroll of fear {unknown}
Potions
 c - a potion of ambrosia
 g - 2 potions of curing {unknown}


   Skills:
 + Level 3.0 Fighting
 + Level 2.7 Axes
 + Level 3.1 Dodging


You had one spell level left.
You didn't know any spells.
Your spell library was empty.

Dungeon Overview and Level Annotations

Branches:
Dungeon (1/15)

Altars:


Innate Abilities, Weirdness & Mutations

Spells you cast may paralyse adjacent enemies.


Message History

You hit the dart slug.
The dart slug is almost dead.
The dart slug launches a dart at you. The slug dart hits you.
You hit the dart slug.
You kill the dart slug!
You see here a dart slug corpse.
You start resting.
HP restored.
A frilled lizard comes into view.
You hit the frilled lizard.
You kill the frilled lizard!
Found a stone.
You see here a frilled lizard corpse.
A kobold comes into view. It is wielding a +0 whip.
The kobold shouts!
You hear an angry hiss.
The kobold throws a stone.
The stone misses you.
Found a gluggy clear potion and 4 boomerangs of dispersal.
Found a stone staircase leading down.
You hit the kobold.
You kill the kobold!
Your Dodging skill increases to level 3!
Things that are here:
a +0 whip; 2 stones; a kobold corpse A ball python comes into view.
You see here a gluggy clear potion.
You see here 4 boomerangs of dispersal.
You puncture the ball python!
You kill the ball python!
You have reached level 2!
Your demonic ancestry asserts itself...
A menacing aura infuses your magic.
You see here 4 boomerangs of dispersal.
g - 2 gluggy clear potions (gained 1)
You see here 4 boomerangs of dispersal.
h - 4 boomerangs of dispersal
There is a staircase leading out of the dungeon here.
You can't go down here!
Are you sure you want to leave the Dungeon?
This will make you lose the game!
You have escaped!

§≈§≈≈≈..# ≈≈§≈≈≈..#
≈§≈≈≈≈≈≈...# ####
#≈≈≈≈§≈§≈≈≈....# #...
#≈≈≈≈≈§≈§≈≈....# #.##
#≈≈≈§≈§≈≈≈≈....# #...
#≈≈≈§≈≈§≈≈≈....### #.##
#≈≈≈§≈§≈≈≈..##...##########.##
#≈§≈≈§§≈§...#@...#............
#≈.§§§≈≈≈......#.#.##.......##
#≈≈§≈.....#####....##.#####.#
#≈.........####.#####.###.#.#
####................#.##....#
#######..###.###.#.#.....##
##.# #.###.#........# #.#
#.#.#.#.#.....## #.#
#..#..#.##...##


There were no monsters in sight!

Vanquished Creatures
  A dart slug (D:1)
  A ball python (D:1)
  3 frilled lizards (D:1)
  2 kobolds (D:1)
7 creatures vanquished.

Notes
Turn   | Place    | Note
-------+----------+-------------------------------------------
     0 | D:1      | Sabo the Demonspawn Monk began the quest for the Orb.
     0 | D:1      | Reached XP level 1. HP: 18/18 MP: 1/1
   225 | D:1      | Gained mutation: Spells you cast may paralyse adjacent
                  | enemies. [demonic ancestry]
   225 | D:1      | Reached XP level 2. HP: 24/24 MP: 2/2
   271 | D:$      | Got out of the dungeon alive.

Illustrated notes

Levels and vault maps discovered:
D:1:      dpeg_arrival_lava_altar, layout_loops_ring, serial_shops, shop,
          nrook_uturn

Skill      XL: |  1 |
---------------+----+-----
Dodging        | 3 |  3.1
Fighting       | |  3.0
Axes           | |  2.7

Action                     || total
---------------------------++-------
  Melee: Dagger            ||    10
         Hand axe          ||     5
 Armour: Robe              ||     1
  Dodge: Dodged            ||     6
